 Dungeon Crawl Stone Soup version 0.19-a0-1072-g3763c35 (webtiles) character file.

210 Jmtri7 the Chopper (level 5, 0/45 HPs)
             Began as a Hill Orc Fighter on Aug 5, 2016.
             Slain by Crazy Yiuf
             ... wielding a +3 quarterstaff of chaos
              (8 damage)
             ... on level 2 of the Dungeon.
             The game lasted 00:04:03 (1599 turns).

Jmtri7 the Chopper (Hill Orc Fighter)               Turns: 1599, Time: 00:04:04

Health: 0/45       AC:  6    Str: 20    XL:     5   Next: 87%
Magic:  5/5        EV:  7    Int:  8    God:
Gold:   72         SH:  9    Dex: 10    Spells: 0 memorised, 4 levels left

rFire  . . .     SeeInvis .     a - +0 war axe
rCold  . . .     Gourm    .     b - +0 scale mail
rNeg   . . .     Faith    .     c - +0 shield
rPois  .         Spirit   .     (no helmet)
rElec  .         Dismiss  .     (no cloak)
rCorr  .         Reflect  .     (no gloves)
SustAt .         Harm     .     (no boots)
MR     .....                    (no amulet)
Stlth  ..........               (no ring)
                                (no ring)

@: drained
A: no striking features
a: no special abilities


You were on level 2 of the Dungeon.
You were not hungry.

You visited 1 branch of the dungeon, and saw 2 of its levels.

You collected 72 gold pieces.

Inventory:

Hand Weapons
 a - a +0 war axe (weapon)
Armour
 b - a +0 scale mail (worn)
 c - a +0 shield (worn)
Scrolls
 i - a scroll of identify {unknown}
 m - 2 scrolls of recharging {unknown}
 n - a scroll of blinking {unknown}
 o - a scroll of random uselessness {unknown}
 q - a scroll of teleportation {unknown}
Potions
 d - a potion of might
 e - 2 potions of brilliance {unknown}
 g - a potion of cure mutation {unknown}
 h - a potion of magic {unknown}
 j - 2 potions of haste {unknown}
 k - 2 potions of agility {unknown}
 p - 2 potions of curing {unknown}
 r - a potion of heal wounds {unknown}
Comestibles
 f - 2 bread rations
 l - a meat ration


   Skills:
 - Level 3.6(3.3) Fighting
 + Level 7.8(7.5) Axes
 - Level 3.2(3.0) Armour
 - Level 3.2(3.0) Shields


You had 4 spell levels left.
You didn't know any spells.

Dungeon Overview and Level Annotations

Branches:
Dungeon (2/15)

Altars:
Okawaru

Annotations:
D:2 Crazy Yiuf


Message History

You hit Crazy Yiuf.
Crazy Yiuf is lightly wounded.
You block Crazy Yiuf's attack.
You barely miss Crazy Yiuf.
Crazy Yiuf is lightly wounded.
Crazy Yiuf zaps a wand.
The puff of flame hits you!
Crazy Yiuf hits you with a quarterstaff of chaos.
You feel drained.
You hit Crazy Yiuf.
Crazy Yiuf is moderately wounded.
Crazy Yiuf hits you with a quarterstaff of chaos.
Crazy Yiuf burns you.
You hit Crazy Yiuf.
Crazy Yiuf is heavily wounded.
Crazy Yiuf hits you with a quarterstaff of chaos.
* * * LOW HITPOINT WARNING * * *
x2 You closely miss Crazy Yiuf.
Crazy Yiuf is heavily wounded.
Crazy Yiuf hits you with a quarterstaff of chaos!
You die...

♣..P.♣ #.# ♣.PP♣♣
#.# ♣♣.♣♣ #.# ♣.♣♣
#.######### ♣♣.♣
#.........# ♣.♣♣
#####.....# ♣♣.♣
#####.....# ##'##
#.........# #.@.#
#...(...### #.g.#
#.......#### #..)#
#........... #####
#.#.####)... #.#.#
#....
#########.#.####....
#...................
#.........#.####....
#.........#.####....


You could see Crazy Yiuf.

Vanquished Creatures
  Sigmund (D:2)
  A worm (D:2)
  A giant cockroach (D:1)
  5 goblins
  9 hobgoblins
  7 jackals
  A quokka (D:2)
  3 bats
  5 giant newts
  6 kobolds
  5 rats
44 creatures vanquished.

Notes
Turn   | Place    | Note
-------+----------+-------------------------------------------
     0 | D:1      | Jmtri7 the Hill Orc Fighter began the quest for the Orb.
     0 | D:1      | Reached XP level 1. HP: 19/19 MP: 1/1
    43 | D:1      | Reached skill level 3 in Axes
   105 | D:1      | Reached XP level 2. HP: 21/26 MP: 2/2
   210 | D:1      | Reached skill level 4 in Axes
   433 | D:1      | Reached XP level 3. HP: 29/31 MP: 3/3
   735 | D:2      | Found an iron altar of Okawaru.
   836 | D:2      | Reached skill level 5 in Axes
   895 | D:2      | Found a runed door.
  1029 | D:2      | Noticed Sigmund
  1042 | D:2      | Killed Sigmund
  1042 | D:2      | Reached skill level 7 in Axes
  1042 | D:2      | Reached XP level 4. HP: 8/39 MP: 4/4
  1042 | D:2      | Reached XP level 5. HP: 9/45 MP: 5/5
  1590 | D:2      | Noticed Crazy Yiuf
  1599 | D:2      | Slain by Crazy Yiuf

Vault maps used:
D:1:      elethiomel_arrival_infinity_welcomes_careful_drivers,
          serial_park_tiny_pond, st_stairs_11, minmay_tetromino_s2
D:2:      okawaru_trees_1, uniq_sigmund, uniq_crazy_yiuf_cottage

Skill      XL: |  1  2  3 |
---------------+----------+-----
Axes           | 3 4 7 |  7.8
Fighting       | |  3.6
Armour         | |  3.2
Shields        | |  3.2

Action                   |  1- 3 |  4- 6 || total
-------------------------+-------+-------++-------
Melee: War axe           |    97 |    20 ||   117
  Eat: Chunk             |     1 |     1 ||     2
Armor: Scale mail        |    51 |       ||    51
Dodge: Dodged            |    38 |     3 ||    41
Block: Shield            |    55 |     5 ||    60
